BSA
SO CAL HENVY @ NASSAU ROCKETS
09/07/2026
 
TOP OF THE 1ST
So Cal Henvy batting - Pitching for Nassau Rockets : RHP Jason Drake
Pitching: RHP Jason Drake
Batting: SHB Miguel González 0-0: Called Strike
0-1: Foul Ball, location: 2F
0-2: Foul Ball, location: 2F
0-2: Fly out, F6 (Popup, 56)
Batting: LHB John Peterson 0-0: Ball
1-0: Called Strike
1-1: Fly out, F8 (Flyball, 8RM)
Batting: RHB Earl Wiggins 0-0: SINGLE (Line Drive, 56D)
Batting: RHB Rubén Calderón 0-0: Called Strike
0-1: Swinging Strike
0-2: Ball
1-2: Ball
2-2: Foul Ball, location: 2F
2-2: DOUBLE (Line Drive, 7LM)
Earl Wiggins to third
Batting: LHB José Antonio Santiago 0-0: Called Strike
0-1: Ball
1-1: Called Strike
1-2: Ball
2-2: Ball
3-2: Strikes out swinging
Top of the 1st over - 0 run(s), 2 hit(s), 0 error(s), 2 left on base; So Cal 0 - Nassau 0
BOTTOM OF THE 1ST
Nassau Rockets batting - Pitching for So Cal Henvy : RHP Jeffrey King
Pitching: RHP Jeffrey King
Batting: SHB Howard Parker 0-0: Foul Ball, location: 2F
0-1: Ball
1-1: Bunt for hit - play at first, batter safe!
Batting: LHB Don Ramey 0-0: Ball
1-0: Foul Ball, location: 2F
1-1: Ball
2-1: Called Strike
Howard Parker steals 2nd base
2-2: SINGLE (Line Drive, 4MD)
Howard Parker to third
Batting: LHB Andrew Alvarado 0-0: Called Strike
0-1: Ball
1-1: Ball
2-1: Foul Ball, location: 2F
2-2: Foul Ball, location: 2F
2-2: Foul Ball, location: 2F
2-2: TRIPLE (Flyball, 7LM)
Howard Parker scores
Don Ramey scores
Batting: LHB Bob Martin 0-0: Foul Ball, location: 2F
0-1: Ball
1-1: DOUBLE (Flyball, 8RXD)
Andrew Alvarado scores
Batting: SHB Chris Bennis 0-0: Called Strike
0-1: Ball
Wild Pitch!
Bob Martin to third
1-1: Ball
2-1: Ball
3-1: Ground out 4-3 (Groundball, 4)
Bob Martin scores
Batting: RHB José Hernández 0-0: Foul Ball, location: 2F
0-1: Ball
1-1: Ball
2-1: Foul Ball, location: 2F
2-2: Ball
3-2: Base on Balls
Batting: RHB Yaichiro Sugahara 0-0: Fly out, F9 (Flyball, 9D)
Batting: LHB Rafael Delgado 0-0: Called Strike
0-1: Foul Ball, location: 2F
0-2: Ball
1-2: Ball
2-2: Ball
3-2: Strikes out looking
Bottom of the 1st over - 4 run(s), 4 hit(s), 0 error(s), 1 left on base; So Cal 0 - Nassau 4
TOP OF THE 2ND
So Cal Henvy batting - Pitching for Nassau Rockets : RHP Jason Drake
Batting: RHB Morgan Gibbon 0-0: Fly out, F9 (Flyball, 9D)
Batting: LHB Leo Wyeth 0-0: Ball
1-0: Called Strike
1-1: Ground out U3 (Groundball, 3)
Batting: SHB Derek Roach 0-0: SINGLE (Flyball, 8LS)
Batting: RHB Gregg Nelson 0-0: Ball
1-0: Swinging Strike
1-1: Ball
2-1: Foul Ball, location: 2F
2-2: Strikes out swinging
Top of the 2nd over - 0 run(s), 1 hit(s), 0 error(s), 1 left on base; So Cal 0 - Nassau 4
BOTTOM OF THE 2ND
Nassau Rockets batting - Pitching for So Cal Henvy : RHP Jeffrey King
Batting: RHB Pete Harvey 0-0: Called Strike
0-1: Ball
1-1: Called Strike
1-2: Foul Ball, location: 2F
1-2: Ball
2-2: Foul Ball, location: 2F
2-2: Strikes out swinging
Batting: SHB Howard Parker 0-0: Ball
1-0: Foul Ball, location: 2F
1-1: Ground out 4-3 (Groundball, 4)
Batting: LHB Don Ramey 0-0: Called Strike
0-1: Swinging Strike
0-2: Fly out, F4 (Popup, 8RS)
Bottom of the 2nd over - 0 run(s), 0 hit(s), 0 error(s), 0 left on base; So Cal 0 - Nassau 4
TOP OF THE 3RD
So Cal Henvy batting - Pitching for Nassau Rockets : RHP Jason Drake
Batting: SHB Miguel González 0-0: Foul Ball, location: 2F
0-1: Ball
1-1: Called Strike
1-2: SINGLE (Line Drive, 5L)
Batting: LHB John Peterson 0-0: Swinging Strike
0-1: SINGLE (Flyball, 8LS)
Miguel González to second
Batting: RHB Earl Wiggins 0-0: Ball
1-0: Ball
2-0: Ball
3-0: Foul Ball, location: 2F
3-1: Base on Balls
Miguel González to third
John Peterson to second
Batting: RHB Rubén Calderón 0-0: SINGLE (Line Drive, 7S)
Miguel González scores
John Peterson to third
Earl Wiggins to second
Batting: LHB José Antonio Santiago 0-0: Ball
1-0: Ball
2-0: Ball
3-0: Called Strike
3-1: Foul Ball, location: 2F
3-2: Strikes out looking
Batting: RHB Morgan Gibbon 0-0: Ball
1-0: Ball
2-0: Ball
3-0: Called Strike
3-1: Grounds into double play, 6-4-3 (Groundball, 6M)
Top of the 3rd over - 1 run(s), 3 hit(s), 0 error(s), 2 left on base; So Cal 1 - Nassau 4
BOTTOM OF THE 3RD
Nassau Rockets batting - Pitching for So Cal Henvy : RHP Jeffrey King
Batting: LHB Andrew Alvarado 0-0: Ball
1-0: SINGLE (Groundball, 56D) (infield hit)
Batting: LHB Bob Martin 0-0: Ball
1-0: Ball
2-0: DOUBLE (Line Drive, 78D)
Andrew Alvarado to third
Runner from 3rd tries for Home, SAFE, throw made home
Batting: SHB Chris Bennis 0-0: Ball
1-0: Ball
2-0: Swinging Strike
2-1: Foul Ball, location: 2F
2-2: Ball
3-2: Ground out 6-3 (Groundball, 6)
Batting: RHB José Hernández 0-0: Foul Ball, location: 2F
0-1: Ball
1-1: Foul Ball, location: 2F
1-2: Fly out, F6 (Line Drive, 6M)
Batting: RHB Yaichiro Sugahara 0-0: Called Strike
0-1: Called Strike
0-2: Ball
1-2: Foul Ball, location: 2F
1-2: Ball
2-2: Ball
3-2: Base on Balls
Batting: LHB Rafael Delgado 0-0: Swinging Strike
0-1: Ground out 1-3 (Groundball, 23)
Bottom of the 3rd over - 1 run(s), 2 hit(s), 0 error(s), 2 left on base; So Cal 1 - Nassau 5
TOP OF THE 4TH
So Cal Henvy batting - Pitching for Nassau Rockets : RHP Jason Drake
Batting: LHB Leo Wyeth 0-0: Ball
1-0: Called Strike
1-1: Ball
2-1: Foul Ball, location: 2F
2-2: Fly out, F7 (Flyball, 7M)
Batting: SHB Derek Roach 0-0: Ball
1-0: Ball
2-0: Ground out 4-3 (Groundball, 4)
Batting: RHB Gregg Nelson 0-0: Ball
1-0: Called Strike
1-1: Ball
2-1: Foul Ball, location: 2F
2-2: Ground out 1-3 (Groundball, 15)
Top of the 4th over - 0 run(s), 0 hit(s), 0 error(s), 0 left on base; So Cal 1 - Nassau 5
BOTTOM OF THE 4TH
Nassau Rockets batting - Pitching for So Cal Henvy : RHP Jeffrey King
Batting: RHB Pete Harvey 0-0: Bunt missed!
0-1: Ball
1-1: Ball
2-1: Called Strike
2-2: Ball
3-2: SINGLE (Line Drive, 9LS)
Batting: SHB Howard Parker 0-0: Fielders Choice at 2nd, 6-4 (Groundball, 6)
Batting: LHB Don Ramey 0-0: Ball
1-0: Ball
2-0: Ball
3-0: Fly out, F7 (Flyball, 78D)
Batting: LHB Andrew Alvarado 0-0: Ball
1-0: Ball
2-0: Ground out U3 (Groundball, 3S)
Bottom of the 4th over - 0 run(s), 1 hit(s), 0 error(s), 1 left on base; So Cal 1 - Nassau 5
TOP OF THE 5TH
So Cal Henvy batting - Pitching for Nassau Rockets : RHP Jason Drake
Batting: SHB Miguel González 0-0: Called Strike
0-1: Foul Ball, location: 2F
0-2: Ball
1-2: Ball
2-2: Ball
3-2: Ground out 4-3 (Groundball, 4)
Batting: LHB John Peterson 0-0: Fly out, F6 (Popup, 6D)
Batting: RHB Earl Wiggins 0-0: SINGLE (Groundball, 34D)
Batting: RHB Rubén Calderón 0-0: Swinging Strike
0-1: Ball
1-1: Swinging Strike
1-2: Foul Ball, location: 2F
1-2: Ball
2-2: Ball
3-2: Ground out 6-3 (Groundball, 6)
Top of the 5th over - 0 run(s), 1 hit(s), 0 error(s), 1 left on base; So Cal 1 - Nassau 5
BOTTOM OF THE 5TH
Nassau Rockets batting - Pitching for So Cal Henvy : RHP Jeffrey King
Batting: LHB Bob Martin 0-0: Foul Ball, location: 2F
0-1: Swinging Strike
0-2: Foul Ball, location: 2F
0-2: Strikes out swinging
Batting: SHB Chris Bennis 0-0: Called Strike
0-1: Foul Ball, location: 2F
0-2: Ball
1-2: Strikes out looking
Batting: RHB José Hernández 0-0: Ball
1-0: Ground out 5-3 (Groundball, 15S)
Bottom of the 5th over - 0 run(s), 0 hit(s), 0 error(s), 0 left on base; So Cal 1 - Nassau 5
TOP OF THE 6TH
So Cal Henvy batting - Pitching for Nassau Rockets : RHP Jason Drake
Batting: LHB José Antonio Santiago 0-0: Ball
1-0: DOUBLE (Line Drive, 9LM)
Batting: RHB Morgan Gibbon 0-0: Fly out, F7 (Line Drive, 78M)
Batting: LHB Leo Wyeth 0-0: Called Strike
0-1: SINGLE (Groundball, 4MD)
José Antonio Santiago to third
Runner from 3rd tries for Home, SAFE, no throw or cutoff
Batting: SHB Derek Roach 0-0: Ball
1-0: DOUBLE (Flyball, 89XD)
Leo Wyeth to third
Batting: RHB Gregg Nelson 0-0: Ball
1-0: Called Strike
1-1: Foul Ball, location: 2F
1-2: Foul Ball, location: 2F
1-2: Ball
2-2: Ball
3-2: Foul Ball, location: 2F
3-2: Strikes out swinging
Batting: SHB Miguel González 0-0: Called Strike
0-1: Ball
1-1: Ball
2-1: Foul Ball, location: 2F
2-2: Strikes out swinging
Top of the 6th over - 1 run(s), 3 hit(s), 0 error(s), 2 left on base; So Cal 2 - Nassau 5
BOTTOM OF THE 6TH
Nassau Rockets batting - Pitching for So Cal Henvy : RHP Jeffrey King
Batting: RHB Yaichiro Sugahara 0-0: Ball
1-0: Fly out, F7 (Flyball, 7D)
Batting: LHB Rafael Delgado 0-0: Ball
1-0: Foul Ball, location: 2F
1-1: Ball
2-1: SINGLE (Line Drive, 78S)
Batting: RHB Pete Harvey 0-0: SINGLE (Line Drive, 56D)
Rafael Delgado to second
Batting: SHB Howard Parker 0-0: Ball
Rafael Delgado steals 3rd base
Pete Harvey to second
1-0: Called Strike
1-1: Called Strike
1-2: Ball
2-2: Foul Ball, location: 2F
2-2: Ball
3-2: Base on Balls
Pitching: LHP Cecil Bonekamp
Batting: LHB Don Ramey 0-0: SINGLE (Flyball, 6MD)
Rafael Delgado scores
Pete Harvey to third
Howard Parker to second
Batting: LHB Andrew Alvarado 0-0: Ball
1-0: Ball
2-0: GRAND SLAM HOME RUN (Line Drive, 89XD), Distance : 402 ft
Pitching: RHP Flint Gray
Batting: LHB Bob Martin 0-0: SINGLE (Line Drive, 89S)
Batting: SHB Chris Bennis 0-0: Called Strike
0-1: Swinging Strike
0-2: Ball
1-2: Ball
2-2: Strikes out swinging
Batting: RHB José Hernández 0-0: Ball
1-0: Called Strike
1-1: Fly out, F3 (Popup, 3F)
Bottom of the 6th over - 5 run(s), 5 hit(s), 0 error(s), 1 left on base; So Cal 2 - Nassau 10
TOP OF THE 7TH
So Cal Henvy batting - Pitching for Nassau Rockets : RHP Jason Drake
Pitching: RHP Colm Stewart
Batting: LHB John Peterson 0-0: Ground out U3 (Groundball, 3L)
Batting: RHB Earl Wiggins 0-0: Foul Ball, location: 2F
0-1: DOUBLE (Line Drive, 89D)
Batting: RHB Rubén Calderón 0-0: Ground out 4-3 (Groundball, 34)
Earl Wiggins to third
Batting: LHB José Antonio Santiago 0-0: Ball
1-0: Foul Ball, location: 2F
1-1: Ball
2-1: Fly out, F9 (Flyball, 9S)
Top of the 7th over - 0 run(s), 1 hit(s), 0 error(s), 1 left on base; So Cal 2 - Nassau 10
BOTTOM OF THE 7TH
Nassau Rockets batting - Pitching for So Cal Henvy : RHP Flint Gray
Batting: RHB Yaichiro Sugahara 0-0: Called Strike
0-1: Ground out 6-3 (Groundball, 6)
Batting: LHB Rafael Delgado 0-0: Foul Ball, location: 2F
0-1: Ball
1-1: Ball
2-1: Ball
3-1: Base on Balls
Batting: RHB Pete Harvey 0-0: Ball
1-0: Ground out 4-3 (Groundball, 4M)
Rafael Delgado to second
Batting: SHB Howard Parker 0-0: Ball
1-0: Ball
2-0: Foul Ball, location: 2F
2-1: Ball
3-1: Base on Balls
Batting: LHB Don Ramey 0-0: Swinging Strike
0-1: Ball
1-1: Foul Ball, location: 2F
1-2: 3-RUN HOME RUN (Flyball, 8RXD), Distance : 433 ft
Batting: LHB Andrew Alvarado 0-0: Called Strike
0-1: Swinging Strike
0-2: Ball
1-2: SINGLE (Flyball, 8LS)
Batting: LHB Bob Martin 0-0: Called Strike
0-1: Foul Ball, location: 2F
0-2: Strikes out swinging
Bottom of the 7th over - 3 run(s), 2 hit(s), 0 error(s), 1 left on base; So Cal 2 - Nassau 13
TOP OF THE 8TH
So Cal Henvy batting - Pitching for Nassau Rockets : RHP Colm Stewart
Batting: RHB Morgan Gibbon 0-0: Called Strike
0-1: Swinging Strike
0-2: Fly out, F9 (Line Drive, 9M)
Batting: LHB Leo Wyeth 0-0: Ball
1-0: Foul Ball, location: 2F
1-1: Ball
2-1: Foul Ball, location: 2F
2-2: Ball
3-2: Foul Ball, location: 2F
3-2: Base on Balls
Batting: SHB Derek Roach 0-0: Called Strike
0-1: Ball
1-1: Reached on error, E4 (Groundball, 4)
Leo Wyeth to second
Batting: RHB Gregg Nelson 0-0: Called Strike
0-1: Swinging Strike
0-2: Ball
1-2: Strikes out swinging
Batting: SHB Miguel González 0-0: Foul Ball, location: 2F
0-1: SINGLE (Line Drive, 6D)
Leo Wyeth to third
Derek Roach to second
Runner from 3rd tries for Home, SAFE, throw made home
Batting: LHB John Peterson 0-0: Ball
1-0: Foul Ball, location: 2F
1-1: Swinging Strike
1-2: Ball
2-2: Fly out, F9 (Flyball, 89M)
Top of the 8th over - 1 run(s), 1 hit(s), 1 error(s), 2 left on base; So Cal 3 - Nassau 13
BOTTOM OF THE 8TH
Nassau Rockets batting - Pitching for So Cal Henvy : RHP Flint Gray
Batting: SHB Chris Bennis 0-0: SINGLE (Groundball, 3D)
Batting: RHB José Hernández 0-0: Ball
1-0: SINGLE (Groundball, 34)
Chris Bennis to second
Batting: RHB Yaichiro Sugahara 0-0: Grounds into double play, 6-4-3 (Groundball, 6)
Chris Bennis to third
Batting: LHB Rafael Delgado 0-0: Ball
1-0: Foul Ball, location: 2F
1-1: Ball
2-1: Ball
3-1: Swinging Strike
3-2: Base on Balls
Batting: RHB Pete Harvey 0-0: Fielders Choice at 2nd, 5-4 (Groundball, 56)
Bottom of the 8th over - 0 run(s), 2 hit(s), 0 error(s), 1 left on base; So Cal 3 - Nassau 13
TOP OF THE 9TH
So Cal Henvy batting - Pitching for Nassau Rockets : RHP Colm Stewart
Batting: RHB Earl Wiggins 0-0: Ground out 6-3 (Groundball, 6M)
Batting: RHB Rubén Calderón 0-0: Ball
1-0: Swinging Strike
1-1: Swinging Strike
1-2: Strikes out swinging
Batting: LHB José Antonio Santiago 0-0: Ball
1-0: Swinging Strike
1-1: Ball
2-1: Ball
3-1: Ground out 4-3 (Groundball, 4)
Top of the 9th over - 0 run(s), 0 hit(s), 0 error(s), 0 left on base; So Cal 3 - Nassau 13
Monday, December 5th, 2016 - OOTP Baseball 17.12 Build 75